 Dungeon Crawl Stone Soup version 0.28.0-53-g5a82cb258f (webtiles) character file.

Game seed: 18278185991375398548

53 DildoBatman the Conjurer (level 4, 0/32 HPs)
             Began as a Formicid Conjurer on Aug 10, 2022.
             Slain by a hound (4 damage)
             ... on level 4 of the Dungeon.
             The game lasted 00:04:53 (1418 turns).

DildoBatman the Conjurer (Formicid Conjurer)        Turns: 1418, Time: 00:04:53

Health: 0/32       AC:  2    Str: 12    XL:     4   Next: 11%
Magic:  6/8        EV: 12    Int: 17    God:
Gold:   22         SH:  0    Dex: 11    Spells: 5/8 levels left

rFire   . . .      SeeInvis +   a - staff of poison
rCold   . . .      Faith    .   (no shield)
rNeg    . . .      Spirit   .   q - +0 robe
rPois   +          Reflect  .   (helmet unavailable)
rElec   .          Harm     .   (no cloak)
rCorr   .          Rampage  .   (no gloves)
Will    .....                   (no boots)
Stlth   ++........              (no amulet)
HPRegen 0.10/turn               p - ring of flight
MPRegen 0.11/turn               (no ring)

@: flying
A: permanent stasis, dig shafts and tunnels, antennae 3, four strong arms
a: Dig, Shaft Self


You were on level 4 of the Dungeon.
You visited 1 branch of the dungeon, and saw 4 of its levels.

You collected 22 gold pieces.

Inventory:

Hand Weapons
 d - a +0 long sword
Missiles
 c - 15 stones
 h - 49 sling bullets
 k - 6 poisoned darts
 l - 2 throwing nets
 m - 25 arrows
 o - 29 bolts
Armour
 q - a +0 robe (worn)
Magical Staves
 a - a staff of poison (weapon)
Jewellery
 p - a ring of flight (left hand)
Scrolls
 b - 3 scrolls of vulnerability {unknown}
 e - 2 scrolls of identify {unknown}
 f - a scroll of brand weapon {unknown}
 g - a scroll of fog {unknown}
 r - 2 scrolls of enchant armour {unknown}
Potions
 i - a potion of invisibility {unknown}
 j - a potion of flight {unknown}


   Skills:
 * Level 1.5 Fighting
 * Level 1.4 Armour
 - Level 2.0 Dodging
 - Level 2.4 Stealth
 * Level 2.7 Spellcasting
 * Level 3.9 Conjurations


You had 5 spell levels left.
You knew the following spells:

 Your Spells              Type           Power      Damage    Failure   Level
a - Searing Ray           Conj           30%        2d5       5%          2
c - Magic Dart            Conj           60%        1d6       3%          1

Your spell library contained the following spells:

 Spells                   Type           Power      Damage    Failure   Level
 Dazzling Flash           Conj/Hex       18%        N/A       24%         3
 Fulminant Prism          Conj/Hex       4%         3d6       61%         4
 Iskenderun's Mystic Bla  Conj/Tloc      9%         2d4       61%         4


Dungeon Overview and Level Annotations

Branches:
Dungeon (4/15)
 Temple: D:4-7

Altars:

Shops:
D:1 *[:?


Innate Abilities, Weirdness & Mutations

You cannot be hasted, slowed, berserked, paralysed or teleported.
You can dig through walls and to a lower floor.
You have a pair of large antennae on your head. (SInv)
Your four strong arms can wield two-handed weapons with a shield.


Message History

r - Retreat! s - Stop attacking. g - Guard the area. f - Follow me.
Anything else - Cancel.
You shout for attention!
The hound completely misses you. What are your orders? t - Shout!
Orders for allies: a - Attack new target. r - Retreat! s - Stop attacking. g - Guard the area. f - Follow me.
Anything else - Cancel.
You shout for attention!
The hound closely misses you. The hound bites you but does no damage.
What are your orders? t - Shout!
Orders for allies: a - Attack new target. r - Retreat! s - Stop attacking. g - Guard the area. f - Follow me.
Anything else - Cancel.
You shout for attention!
The hound bites you. What are your orders? t - Shout!
Orders for allies: a - Attack new target. r - Retreat! s - Stop attacking. g - Guard the area. f - Follow me.
Anything else - Cancel.
You shout for attention!
The hound barely misses you. The hound closely misses you.
What are your orders? t - Shout!
Orders for allies: a - Attack new target. r - Retreat! s - Stop attacking. g - Guard the area. f - Follow me.
Anything else - Cancel.
You shout for attention!
The hound bites you.
You die...

#########
#.@hr...#
#.#####.#
#. .. ...
.### .#
.#


You could see a hound and a quokka.

Vanquished Creatures
  An adder (D:2)
  2 dart slugs (D:1)
  2 ball pythons (D:2)
  2 endoplasms
  A giant cockroach (D:1)
  8 goblins (D:1)
  4 hobgoblins
  4 quokkas
  4 bats (D:1)
  2 frilled lizards
  A kobold (D:1)
  6 rats (D:1)
37 creatures vanquished.

Notes
Turn   | Place    | Note
-------+----------+-------------------------------------------
     0 | D:1      | DildoBatman the Formicid Conjurer began the quest for the
                  | Orb.
     0 | D:1      | Reached XP level 1. HP: 13/13 MP: 3/3
   177 | D:1      | Reached XP level 2. HP: 16/20 MP: 0/5
   186 | D:1      | Learned a level 2 spell: Searing Ray
   204 | D:1      | Found Plog's Armour Boutique.
   266 | D:1      | Found Kixzoaf's Assorted Antiques.
   439 | D:1      | Reached skill level 1 in Fighting
   439 | D:1      | Reached skill level 1 in Armour
   485 | D:1      | Reached XP level 3. HP: 7/26 MP: 4/6
   616 | D:1      | Found Notwixap's General Store.
   717 | D:1      | Found Taibyrph's Magic Scroll Boutique.
   858 | D:1      | Found Kenizes's Book Shop.
  1043 | D:2      | You fall into a shaft and drop 2 floors!
  1366 | D:2      | Found a faded altar of an unknown god.
  1379 | D:2      | Reached XP level 4. HP: 31/32 MP: 2/8
  1381 | D:2      | You are sucked into a shaft and drop 2 floors!
  1418 | D:4      | Slain by a hound

Illustrated notes

Levels and vault maps discovered:
D:1:      saegor_arrival_under_anarchy, layout_basic, serial_shops,
          nicolae_shop_stone, nicolae_shop_stone, nicolae_shop_statue_plus,
          nicolae_shop_statue_plus, shop
D:2:      layout_loops_ring, hellmonk_ecumenical_altar_leap_of_faith, uniq_robin
D:3:      cheibrodos_thug_alley, layout_rooms, nicolae_qazlal_style_of_elements,
          general_overflow_altar, uniq_sigmund, uniq_jessica
D:4:      layout_loops_ring

Skill      XL: |  1  2 |
---------------+-------+-----
Dodging        | 2 |  2.0
Fighting       | 1 |  1.5
Armour         | 1 |  1.4
Stealth        | |  2.4
Spellcasting   | |  2.7
Conjurations   | |  3.9

Action                   |  1- 3 |  4- 6 || total
-------------------------+-------+-------++-------
Melee: Dagger            |    48 |       ||    48
       Unarmed           |     4 |       ||     4
       Punch             |     3 |       ||     3
       Long sword        |     9 |       ||     9
 Cast: Magic Dart        |    38 |       ||    38
       Searing Ray       |     5 |       ||     5
 Abil: Shaft Self        |       |     1 ||     1
 Stab: Sleeping          |     3 |       ||     3
Armor: Robe              |    18 |     2 ||    20
Dodge: Dodged            |    52 |    29 ||    81
